 Dungeon Crawl Stone Soup version 0.27.1-4-g1640c2035a (webtiles) character file.

Game seed: 16940387497781055194

2 lonewolfV2 the Conjurer (level 1, -1/14 HPs)
             Began as a Draconian Conjurer on Nov 15, 2021.
             Slain by a hobgoblin (2 damage)
             ... on level 1 of the Dungeon.
             The game lasted 00:01:08 (143 turns).

lonewolfV2 the Conjurer (Draconian Conjurer)         Turns: 143, Time: 00:01:09

Health: -1/14      AC:  4    Str:  9    XL:     1   Next: 25%
Magic:  3/3        EV: 12    Int: 18    God:
Gold:   14         SH:  0    Dex:  9    Spells: 3/4 levels left

rFire    . . .     SeeInvis .   (no weapon)
rCold    . . .     Faith    .   (no shield)
rNeg     . . .     Spirit   .   (armour unavailable)
rPois    .         Reflect  .   (helmet restricted)
rElec    .         Harm     .   (no cloak)
rCorr    .         Rampage  .   (no gloves)
Will     .....                  (no boots)
Stlth    ++........             (no amulet)
HPRegen  0.04/turn              (no ring)
MPRegen  0.08/turn              (no ring)

@: no status effects
A: AC +4, unfitting armour, cold-blooded
a: no special abilities


You were on level 1 of the Dungeon.
You visited 1 branch of the dungeon, and saw 1 of its levels.

You collected 14 gold pieces.

You aren't carrying anything.


   Skills:
 - Level 1.7 Dodging
 - Level 1.7 Stealth
 + Level 2.0 Spellcasting
 + Level 4.1 Conjurations


You had 3 spell levels left.
You knew the following spells:

 Your Spells              Type           Power      Damage    Failure   Level
a - Magic Dart            Conj           64%        1d6       3%          1

Your spell library contained the following spells:

 Spells                   Type           Power      Damage    Failure   Level
 Searing Ray              Conj           32%        3d4       4%          2
 Dazzling Flash           Conj/Hex       18%        N/A       24%         3
 Fulminant Prism          Conj/Hex       4%         3d6       61%         4
 Iskenderun's Mystic Bla  Conj/Tloc      9%         2d4       61%         4


Dungeon Overview and Level Annotations

Branches:
Dungeon (1/15)

Altars:


Innate Abilities, Weirdness & Mutations

Your plain brown scales are hard. (AC +4)
You cannot fit into any form of body armour.
You are cold-blooded and may be slowed by cold attacks.


Message History

The ball python barely misses you. x2; The hobgoblin barely misses you.
The ball python bites you but does no damage.
The ball python completely misses you.
You hit the ball python.
You kill the ball python!
The hobgoblin closely misses you.
The hobgoblin hits you but does no damage.
The hobgoblin misses you.
The dart slug bites you but does no damage.
The hobgoblin hits you but does no damage.
The dart slug completely misses you. The hobgoblin barely misses you.
You see here a rat corpse.
The hobgoblin hits you. The dart slug barely misses you.
You hit the hobgoblin but do no damage. The hobgoblin hits you.
The dart slug closely misses you.
You hit the hobgoblin.
The hobgoblin is lightly wounded.
The hobgoblin completely misses you.
You barely miss the hobgoblin.
The hobgoblin is lightly wounded.
The hobgoblin closely misses you. The dart slug barely misses you.
You barely miss the hobgoblin.
The hobgoblin is lightly wounded.
The hobgoblin barely misses you. The dart slug bites you.
You closely miss the hobgoblin.
The hobgoblin is lightly wounded.
The hobgoblin hits you.
* * * LOW HITPOINT WARNING * * *
The dart slug closely misses you.
You hit the hobgoblin.
The hobgoblin is moderately wounded.
The hobgoblin hits you but does no damage.
You hit the hobgoblin but do no damage.
The hobgoblin is moderately wounded.
The hobgoblin hits you.
* * * LOW HITPOINT WARNING * * *
The dart slug barely misses you. The hobgoblin hits you.
You die...

≈≈#≈.≈#≈≈≈## #≈≈≈#≈≈≈#≈≈
≈≈#≈.≈#≈≈§§### ##≈≈≈≈#≈≈≈#≈≈
≈≈≈.≈.#≈§§≈§§#######≈≈≈≈≈≈#≈≈≈≈≈≈
...§§≈.≈≈§§§§≈≈...≈≈≈≈≈≈
......≈§≈§§§§≈§PPP≈≈≈≈≈≈
##.....§§...≈≈≈...≈≈≈...
#####........P.........
######...........# ######@######.
#.g...... #.w...... #........
#........ #........ ##.#.....
....... .......


You could see a dart slug and a hobgoblin.

Vanquished Creatures
  A ball python (D:1)
  A rat (D:1)
2 creatures vanquished.

Notes
Turn   | Place    | Note
-------+----------+-------------------------------------------
     0 | D:1      | lonewolfV2 the Draconian Conjurer began the quest for the
                  | Orb.
     0 | D:1      | Reached XP level 1. HP: 14/14 MP: 3/3
   143 | D:1      | Slain by a hobgoblin

Illustrated notes

Levels and vault maps discovered:
D:1:      dpeg_arrival_water_fire, layout_rooms,
          ebering_ecumenical_altar_petrified

Action                   || total
-------------------------++-------
Melee: Unarmed           ||    17
       Tailslap          ||     2
Armor: Skin              ||     8
Dodge: Dodged            ||    27
